 Dungeon Crawl Stone Soup version 0.18-a0-1060-g4fac74f (webtiles) character file.

8386 George the Carver (level 11, -2/95 HPs)
             Began as a Minotaur Fighter on Jan 12, 2016.
             Was a Believer of the Shining One.
             Slain by an orc warlord
             ... wielding a +0 great sword
              (15 damage)
             ... on level 9 of the Dungeon.
             The game lasted 00:29:01 (10456 turns).

George the Carver (Minotaur Fighter)               Turns: 10456, Time: 00:29:02

Health: -2/95      AC: 15    Str: 28    XL:     11   Next: 9%
Magic:  0/14       EV: 12    Int:  5    God:    the Shining One [**....]
Gold:   578        SH: 23    Dex: 16    Spells: 0 memorised, 10 levels left

rFire  + . .     SeeInvis .     a - +0 long sword
rCold  . . .     Gourm    .     E - +1 chain mail {rC+}
rNeg   + . .     Faith    .     c - +0 shield
rPois  .         Spirit   +     (helmet restricted)
rElec  .         Dismiss  .     (no cloak)
rCorr  +         Reflect  .     D - +0 pair of gloves
SustAt .         Harm     .     X - +0 pair of boots
MR     .....                    O - amulet of guardian spirit
Stlth  ..........               N - ring of fire
                                B - ring of resist corrosion

@: mighty, agile, divine shield, glowing, not resistant to hostile enchantments,
extremely unstealthy
A: retaliatory headbutt, horns 2
a: Divine Shield, Renounce Religion


You were on level 9 of the Dungeon.
You worshipped the Shining One.
The Shining One was pleased with you.
You were not hungry.

You visited 3 branches of the dungeon, and saw 12 of its levels.
You also visited: Sewer.

You collected 578 gold pieces.

Inventory:

Hand Weapons
 a - a +0 long sword (weapon)
 H - a +0 rapier
Armour
 c - a +0 shield (worn)
 D - a +0 pair of gloves (worn)
 E - a +1 chain mail of cold resistance (worn)
 X - a +0 pair of boots (worn)
Jewellery
 B - a ring of resist corrosion (left hand)
 N - a ring of fire (right hand)
 O - an amulet of guardian spirit (around neck)
Wands
 p - a wand of magic darts (48/48)
 F - a wand of fireball (10/15)
 Q - a wand of magic darts (19/48)
 R - a wand of teleportation (1/9)
 S - a wand of disintegration (9/24)
 Z - a wand of fire (4/15)
Scrolls
 g - 2 scrolls of recharging
 n - 3 scrolls of fear
 I - a scroll of magic mapping
 L - 3 scrolls of remove curse
Potions
 l - 4 potions of cure mutation
 m - 4 potions of flight
 q - 6 potions of curing
 G - 2 potions of haste
 J - a potion of invisibility
 M - 2 potions of magic {unknown}
 P - a potion of heal wounds {unknown}
 T - a potion of lignification {unknown}
 W - a potion of poison {unknown}
Comestibles
 f - 8 bread rations
 u - 3 fruits
 C - a chunk of flesh
 U - 4 beef jerkies
 V - 7 slices of pizza
 Y - 2 meat rations


   Skills:
 + Level 8.8 Fighting
 + Level 12.5 Long Blades
 + Level 9.0 Armour
 + Level 9.2 Shields
 + Level 6.6 Invocations


You had 10 spell levels left.
You didn't know any spells.

Dungeon Overview and Level Annotations

Branches:
Dungeon (10/15)            Temple (1/1) D:4            Lair (1/8) D:8
    Orc (0/2) D:10

Altars:
Ashenzari
Cheibriados
Dithmenos
Elyvilon
Fedhas
Gozag
Kikubaaqudgha
Makhleb
Nemelex Xobeh
Okawaru
Pakellas
Qazlal
Ru
Sif Muna
Trog
Vehumet
Xom
Yredelemnul
Zin
The Shining One

Shops:
D:5 ?   D:9 *

Annotations:
D:10 Erica, Maurice


Innate Abilities, Weirdness & Mutations

You reflexively headbutt those who attack you in melee.
You have a pair of horns on your head.


Message History

The orc warlord is heavily wounded.
The orc warlord hits you with a great sword!!
* * * LOW HITPOINT WARNING * * *
You slash the orc warlord!
The orc warlord is heavily wounded.
Your chain mail prevents you from hitting the orc warlord.
You headbutt the orc warlord, but do no damage.
The orc warlord is heavily wounded.
The orc warlord hits you but does no damage.
Your shield and chain mail prevent you from hitting the orc warlord.
You headbutt the orc warlord, but do no damage.
The orc warlord is heavily wounded.
You slash the orc warlord! You headbutt the orc warlord.
The orc warlord is severely wounded.
The orc warlord hits you with a great sword.
* * * LOW HITPOINT WARNING * * *
Drink which item? (? for menu, Esc to quit)
You feel agile all of a sudden.
The orc warlord hits you with a great sword!
You die...

##.####### ######.## ##. #.## #.#
#. #..## #.# #. ##..##
#####.##### ## ##..# #.........#
# ##.# #......._.# ######
#####'#### ###.........# #.....
(#.......# #.o..<......# #.....
<#.......#####.#@........###.....
.#<.....>+.....#.........#.'.....
.+.......#######...........#.....
##.......# #.........###.....
#####+### ####.###### #..... #.#
#.# ###### #.# #(## ##'### #..#
#....##### ##.#


You could see an orc warlord.

Vanquished Creatures
  A death yak (D:8)
  The ghost of PinkishYellow the Grappler, a novice TrMo of Okawaru (D:7)
  A hill giant (D:9)
  Pikel (D:6)
  Joseph (D:9)
  A komodo dragon (Lair:1)
  A centaur skeleton (D:9)
  The ghost of cireshan the Sneak, an amateur SpEn (D:4)
  7 yaks
  A human (D:7)
  A wyvern (D:10)
  A hippogriff (D:10)
  A hungry ghost (D:9)
  5 black bears
  Purgy (D:3)
  A sky beast (D:5)
  A phantom (D:5)
  The ghost of George the Slasher, an amateur MiFi (D:3)
  An ice beast (D:5)
  A necrophage (D:10)
  4 ogres
  A wasp (D:7)
  4 centaurs
  A big kobold (Sewer)
  7 giant frogs
  7 scorpions
  A wyvern skeleton (D:9)
  3 crimson imps
  2 hounds
  4 orc priests
  A gnoll shaman (D:5)
  2 orc wizards (D:8)
  Jessica (D:2)
  4 iguanas
  5 worker ants
  5 sheep
  Robin (D:2)
  14 gnolls
  4 river rats
  11 adders
  2 oozes
  An adder zombie (D:5)
  2 adder skeletons
  6 worms
  4 giant geckos
  27 orcs
  8 bats
  7 giant cockroaches
  9 hobgoblins
  16 jackals
  3 quokkas
  5 ball pythons
  2 giant gecko skeletons (D:5)
  6 giant newts
  16 goblins
  A jackal skeleton (D:5)
  10 kobolds
  A quokka skeleton (D:4)
  2 quokka zombies (D:5)
  17 rats
257 creatures vanquished.

Vanquished Creatures (others)
  3 slaves (D:6)
  4 orcs (D:6)
7 creatures vanquished.

Grand Total: 264 creatures vanquished

Notes
Turn   | Place    | Note
--------------------------------------------------------------
     0 | D:1      | George the Minotaur Fighter began the quest for the Orb.
     0 | D:1      | Reached XP level 1. HP: 19/19 MP: 0/0
    32 | D:1      | Reached XP level 2. HP: 21/26 MP: 1/1
   445 | D:1      | Reached skill level 4 in Long Blades
   741 | D:2      | Noticed Robin
   744 | D:2      | Reached XP level 3. HP: 16/31 MP: 2/2
   750 | D:2      | Killed Robin
   752 | D:2      | HP: 1/31 [goblin/club[Robin] (3)]
  1052 | D:2      | Noticed Jessica
  1058 | D:2      | Reached skill level 5 in Long Blades
  1060 | D:2      | Killed Jessica
  1060 | D:2      | Reached XP level 4. HP: 39/39 MP: 3/3
  1302 | D:2      | Found a blossoming altar of Fedhas.
  1613 | D:2      | Reached skill level 6 in Long Blades
  1929 | D:2      | Reached XP level 5. HP: 41/45 MP: 4/4
  2167 | D:3      | Noticed Purgy
  2178 | D:3      | Killed Purgy
  2178 | D:3      | Reached skill level 7 in Long Blades
  2193 | D:3      | Found a snail-covered altar of Cheibriados.
  2193 | D:3      | Found an oddly glowing altar of Pakellas.
  2194 | D:3      | Found a radiant altar of Vehumet.
  2194 | D:3      | Found a basalt altar of Yredelemnul.
  2194 | D:3      | Found a bloodstained altar of Trog.
  2267 | D:3      | Noticed George's ghost (amateur MiFi)
  2469 | D:2      | Reached XP level 6. HP: 47/51 MP: 5/5
  2512 | D:3      | Killed George's ghost
  2512 | D:3      | Reached skill level 8 in Long Blades
  2640 | D:3      | Found a glowing drain.
  2654 | Sewer    | Entered a sewer
  2784 | Sewer    | Reached skill level 9 in Long Blades
  2908 | Sewer    | Found a white marble altar of Elyvilon.
  3529 | D:4      | Noticed cireshan's ghost (amateur SpEn)
  3558 | D:4      | Killed cireshan's ghost
  3558 | D:4      | Reached XP level 7. HP: 54/57 MP: 6/6
  3657 | D:4      | Reached skill level 10 in Long Blades
  3690 | D:4      | Found a staircase to the Ecumenical Temple.
  3698 | Temple   | Entered the Ecumenical Temple
  3868 | Temple   | Became a worshipper of the Shining One
  4073 | D:5      | Entered Level 5 of the Dungeon
  4196 | D:5      | Reached skill level 1 in Invocations
  4324 | D:5      | Found Rician's Magic Scroll Emporium.
  4676 | D:5      | Reached XP level 8. HP: 34/67 MP: 8/8
  5028 | D:5      | Reached skill level 5 in Shields
  5032 | D:5      | Reached skill level 5 in Fighting
  5032 | D:5      | Reached skill level 5 in Armour
  5391 | D:5      | Reached * piety under the Shining One
  5600 | D:6      | Found a sacrificial altar of Ru.
  5794 | D:6      | Found a deep blue altar of Sif Muna.
  5844 | D:6      | Reached XP level 9. HP: 68/74 MP: 10/10
  5850 | D:6      | Reached skill level 11 in Long Blades
  5853 | D:6      | Noticed Pikel
  5875 | D:6      | Killed Pikel
  6119 | D:7      | Noticed PinkishYellow's ghost (novice TrMo)
  7440 | D:7      | Killed PinkishYellow's ghost
  7440 | D:7      | Reached skill level 5 in Invocations
  7440 | D:7      | Reached XP level 10. HP: 45/86 MP: 12/12
  7724 | D:8      | Found a staircase to the Lair.
  7727 | D:8      | Noticed a death yak
  7770 | D:8      | Killed a death yak
  7779 | D:8      | Reached skill level 12 in Long Blades
  8120 | D:8      | Found a shattered altar of Ashenzari.
  8474 | D:9      | Noticed a hill giant
  8489 | D:9      | Killed a hill giant
  8510 | D:9      | Found a sacrificial altar of Ru.
  8532 | D:9      | Reached ** piety under the Shining One
  8538 | D:9      | Noticed Joseph
  8561 | D:9      | Killed Joseph
  8720 | D:9      | Found a burning altar of Makhleb.
  8803 | D:9      | Found Jyuh's General Store.
  9335 | D:10     | Entered Level 10 of the Dungeon
  9395 | D:10     | Noticed a four-headed hydra
  9492 | Lair:1   | Entered Level 1 of the Lair of Beasts
  9724 | Lair:1   | Reached XP level 11. HP: 63/95 MP: 9/14
  9828 | Lair:1   | Noticed an eight-headed hydra
 10224 | D:10     | Noticed an orc warlord
 10395 | D:10     | Found an oddly glowing altar of Pakellas.
 10401 | D:10     | Found a staircase to the Orcish Mines.
 10407 | D:10     | Noticed Maurice
 10409 | D:10     | Noticed Erica
 10456 | D:9      | Slain by an orc warlord

Vault maps used:
D:1:      onia_arrival_handbag
D:2:      fedhas_altar_4, first_bread, uniq_jessica, uniq_robin
D:3:      grunt_temple_overflow_open, portal_sewer_entry_c, uniq_purgy
D:4:      minmay_temple_entry_junction, minmay_distorted
D:5:      forest_paths, serial_shops, shop
D:6:      overflow_temple_1_default, lemuel_blue_sif_altar, uniq_pikel
D:7:      grunt_livestock
D:8:      marbit_many_paths, dpeg_lair_monsters
D:9:      overflow_temple_1_default, serial_shops, shop_fountains,
          roderic_greek_sauvastika, nicolae_ru_sacrificial_ziggurat, uniq_joseph
D:10:     orc_0_dummy, hangedman_decor_peaks_small, grunt_pakellas_basics,
          uniq_maurice, uniq_erica
Temple:   roderic_octagonal_lattice_temple
Sewer:    sewer_kobolds

Action                   |  1- 3 |  4- 6 |  7- 9 | 10-12 || total
-------------------------+-------+-------+-------+-------++-------
Melee: Long sword        |    96 |   264 |   287 |   266 ||   913
Invok: Divine Shield     |       |       |       |     1 ||     1
Evoke: Wand              |       |       |       |     2 ||     2
  Use: Potion            |     1 |     1 |     1 |     2 ||     5
       Scroll            |       |    10 |     3 |     3 ||    16
  Eat: Chunk             |     1 |     8 |    11 |    10 ||    30
       Bread ration      |       |       |       |     1 ||     1
